 Dungeon Crawl Stone Soup version 0.20.1-1-g8b1a95d (webtiles) character file.

269 Gremour the Slasher (level 6, -16/47 HPs)
             Began as a Demonspawn Fighter on Dec 10, 2017.
             Demolished by an orc
             ... wielding a +2 spear of chaos
              (18 damage)
             ... while paralysed by an orc
             ... on level 3 of the Dungeon.
             The game lasted 00:11:19 (3082 turns).

Gremour the Slasher (Demonspawn Fighter)            Turns: 3082, Time: 00:11:20

Health: -16/47     AC:  6    Str: 16    XL:     6   Next: 1%
Magic:  6/6        EV:  2    Int: 10    God:
Gold:   182        SH:  0    Dex: 14    Spells: 5/5 levels left

rFire    . . .     SeeInvis .   a - +0 long sword
rCold    . . .     Gourm    .   c - +0 shield
rNeg     . . .     Faith    .   b - +0 scale mail
rPois    .         Spirit   .   (helmet restricted)
rElec    .         Reflect  .   (no cloak)
rCorr    .         Harm     .   (no gloves)
MR       .....                  (no boots)
Stlth    ..........             (no amulet)
Regen    0.2/turn               (no ring)
MPRegen  0.1/turn               (no ring)

@: paralysed
A: horns 1, spiny 2
a: no special abilities


You were on level 3 of the Dungeon.
You were not hungry.

You visited 1 branch of the dungeon, and saw 3 of its levels.

You collected 182 gold pieces.

Inventory:

Hand Weapons
 a - a +0 long sword (weapon)
Missiles
 m - a tomahawk (quivered)
Armour
 b - a +0 scale mail (worn)
 c - a +0 shield (worn)
Jewellery
 n - a +6 ring of protection {unknown}
Scrolls
 e - 2 scrolls of teleportation {unknown}
 g - a scroll of recharging {unknown}
 j - a scroll of enchant armour {unknown}
 l - a scroll of identify {unknown}
Potions
 d - 2 potions of might
 k - 2 potions of flight {unknown}
 o - a potion of heal wounds {unknown}
Comestibles
 f - 2 bread rations
 h - 3 fruits
 i - 3 chunks of flesh


   Skills:
 - Level 3.0 Fighting
 + Level 5.8 Long Blades
 - Level 2.6 Armour
 - Level 2.6 Shields


You had 5 spell levels left.
You didn't know any spells.

Dungeon Overview and Level Annotations

Branches:
Dungeon (3/15)

Altars:
Dithmenos


Innate Abilities, Weirdness & Mutations

You have a pair of small horns on your head.
You are mostly covered in sharp spines.


Message History

Moving in this stuff is going to be slow.
The orc shouts! x2
The orc hits you with a spear of chaos. The orc burns you.
The orc shouts!
The orc hits you but does no damage.
You are electrocuted!
You block the orc's attack.
You enter the shallow water.
Moving in this stuff is going to be slow.
The orc is struck by your spines. The orc closely misses you.
The orc hits you from afar with a spear of chaos.
You block the orc's attack. The orc hits you but does no damage.
You suddenly lose the ability to move!
The orc barely misses you. The orc hits you but does no damage.
The orc hits you from afar with a spear of chaos.
Space bends around you. The orc hits you with a spear of chaos.
You are electrocuted!
* * * LOW HITPOINT WARNING * * *
The orc is struck by your spines. The orc hits you but does no damage. x2
You are electrocuted!
You die...

...#.#....##....###########.##
...#.#...................#...####
.....#....##.........###......##.
............)........###.......#.
....###.....÷........##..........
....# #..............#...........
....# #..........................
....# #..........###.............
....# #...######@######..........
....# #####≈≈..ooo# ##.........
....# #≈#.⌠o...# ##........
##$##.≈..≈o≈#.. ##.......
.#...#≈...≈..## #.......
#.#..#.#.#≈≈.≈.# ....... #≈
%≈.⌠##..≈≈. ....... #
..#≈..###.#≈ ...... §≈⌠ #≈.≈≈ ≈.


You could see 5 orcs.

Vanquished Creatures
  An ogre (D:3)
  An orc priest (D:2)
  An orc wizard (D:2)
  4 adders
  An ooze (D:3)
  A worm (D:2)
  A dart slug (D:1)
  4 leopard geckos
  6 orcs
  3 giant cockroaches
  10 goblins
  5 hobgoblins
  7 jackals
  3 quokkas
  3 bats
  7 frilled lizards
  11 kobolds
  8 rats
77 creatures vanquished.

Notes
Turn   | Place    | Note
-------+----------+-------------------------------------------
     0 | D:1      | Gremour the Demonspawn Fighter began the quest for the Orb.
     0 | D:1      | Reached XP level 1. HP: 18/18 MP: 1/1
    47 | D:1      | Reached skill level 2 in Long Blades
   506 | D:1      | Gained mutation: You are partially covered in sharp spines. [demonic ancestry]
   506 | D:1      | Reached XP level 2. HP: 14/24 MP: 2/2
  1025 | D:1      | Reached skill level 3 in Long Blades
  1171 | D:1      | Gained mutation: You have a pair of small horns on your head. [demonic ancestry]
  1171 | D:1      | Reached XP level 3. HP: 29/29 MP: 3/3
  1353 | D:2      | Found a shadowy altar of Dithmenos.
  1495 | D:2      | Reached skill level 4 in Long Blades
  1495 | D:2      | Reached XP level 4. HP: 15/35 MP: 4/4
  1943 | D:2      | Gained mutation: You are mostly covered in sharp spines. [demonic ancestry]
  1943 | D:2      | Reached XP level 5. HP: 27/41 MP: 5/5
  2575 | D:3      | Noticed an ogre
  2594 | D:3      | Killed an ogre
  2594 | D:3      | Reached skill level 5 in Long Blades
  3023 | D:3      | Reached XP level 6. HP: 42/47 MP: 6/6
  3079 | D:3      | Paralysed by an orc for 4 turns
  3081 | D:3      | HP: 2/47 [orc/spear of chaos (14)]
  3082 | D:3      | Demolished by an orc

Skill      XL: |  1  2  3  4  5 |
---------------+----------------+-----
Long Blades    | 2 3 4 5 |  5.8
Fighting       | |  3.0
Armour         | |  2.6
Shields        | |  2.6

Action                   |  1- 3 |  4- 6 || total
-------------------------+-------+-------++-------
Melee: Long sword        |    91 |    68 ||   159
       Headbutt          |     6 |    18 ||    24
  Eat: Chunk             |     2 |     5 ||     7
Armor: Scale mail        |    41 |    34 ||    75
Dodge: Dodged            |    22 |    16 ||    38
Block: Shield            |    35 |    31 ||    66
       Rpst.: Long sword |    11 |     6 ||    17
